PAAA
BAKERSFIELD NOBLES @ JERSEY CITY TRITONS
08/06/2028
 
TOP OF THE 1ST
Bakersfield Nobles batting - Pitching for Jersey City Tritons : LHP Francisco Chávez
Pitching: LHP Francisco Chávez
Batting: RHB Robert Paulsen 0-0: Ball
1-0: Ball
2-0: Ball
3-0: Base on Balls
Batting: RHB Vincente Flores 0-0: Called Strike
0-1: Ball
1-1: Called Strike
1-2: Foul Ball, location: 2F
1-2: Ball
2-2: Ball
3-2: Strikes out looking
Batting: RHB Cristo González 0-0: Called Strike
0-1: Ball
1-1: SINGLE (Groundball, 56D)
Robert Paulsen to second
Batting: RHB Juan Tapia 0-0: Called Strike
0-1: Fly out, F9 (Flyball, 9S)
Batting: RHB Alfredo García 0-0: Foul Ball, location: 2F
0-1: Ball
1-1: Ball
2-1: Foul Ball, location: 2F
2-2: Strikes out swinging
Top of the 1st over - 0 run(s), 1 hit(s), 0 error(s), 2 left on base; Bakersfield 0 - Jersey City 0
BOTTOM OF THE 1ST
Jersey City Tritons batting - Pitching for Bakersfield Nobles : LHP James Scott
Pitching: LHP James Scott
Batting: RHB Martín Alejadre 0-0: Foul Ball, location: 2F
0-1: Ball
1-1: Ball
2-1: Fly out, F9 (Flyball, 9)
Batting: RHB Rudko Hrnjak 0-0: DOUBLE (Line Drive, 89XD)
Batting: RHB Ethan Miller 0-0: Ball
1-0: Foul Ball, location: 2F
1-1: SINGLE (Line Drive, 8LS)
Rudko Hrnjak to third
Runner from 3rd tries for Home, throw and OUT!
Batting: RHB Mike Greene 0-0: Ball
1-0: Foul Ball, location: 2F
1-1: Foul Ball, location: 2F
1-2: Fly out, F9 (Flyball, 9S)
Bottom of the 1st over - 0 run(s), 2 hit(s), 0 error(s), 1 left on base; Bakersfield 0 - Jersey City 0
TOP OF THE 2ND
Bakersfield Nobles batting - Pitching for Jersey City Tritons : LHP Francisco Chávez
Batting: LHB Theo Fightmaster 0-0: Ball
1-0: Foul Ball, location: 2F
1-1: Ball
2-1: Ball
3-1: Foul Ball, location: 2F
3-2: Fly out, F9 (Flyball, 9S)
Batting: RHB Kade Knowles 0-0: Ball
1-0: Ball
2-0: Reached on error, E5 (Groundball, 56)
Batting: SHB León Estrada 0-0: Called Strike
0-1: SINGLE (Line Drive, 89S)
Kade Knowles to second
Batting: RHB Abílio Conceio 0-0: Ball
1-0: Foul Ball, location: 2F
1-1: Ball
2-1: Swinging Strike
2-2: Ball
3-2: Base on Balls
Kade Knowles to third
León Estrada to second
Batting: RHB Robert Paulsen 0-0: Called Strike
0-1: Ball
1-1: Foul Ball, location: 2F
1-2: Ball
2-2: Ball
3-2: Base on Balls
Kade Knowles scores
León Estrada to third
Abílio Conceio to second
Batting: RHB Vincente Flores 0-0: Ball
1-0: Called Strike
1-1: Ball
2-1: Ball
3-1: Foul Ball, location: 2F
3-2: SINGLE (Groundball, 56D)
León Estrada scores
Abílio Conceio to third
Robert Paulsen to second
Runner from 3rd tries for Home, SAFE, throw made home
Robert Paulsen to third
Vincente Flores to second
Batting: RHB Cristo González 0-0: Called Strike
0-1: Fly out, F7 (Flyball, 7)
Runner from 3rd tags up, SCORES, no throw
Batting: RHB Juan Tapia 0-0: Ball
1-0: Ball
2-0: Ball
3-0: Called Strike
3-1: Foul Ball, location: 2F
3-2: Strikes out swinging
Top of the 2nd over - 4 run(s), 2 hit(s), 1 error(s), 1 left on base; Bakersfield 4 - Jersey City 0
BOTTOM OF THE 2ND
Jersey City Tritons batting - Pitching for Bakersfield Nobles : LHP James Scott
Batting: SHB Eustacio Tafalla 0-0: Called Strike
0-1: Ball
1-1: Ball
2-1: Swinging Strike
2-2: Ball
3-2: Strikes out looking and he ARGUES THE CALL AND IS TOSSED!
Batting: RHB Mike Strickland 0-0: Ball
1-0: SINGLE (Groundball, 34) (infield hit)
Batting: SHB Ludovic Michel 0-0: Called Strike
0-1: Ball
1-1: Called Strike
1-2: Strikes out swinging
Batting: RHB Salvador Pineda 0-0: Foul Ball, location: 2F
0-1: Foul Ball, location: 2F
0-2: SINGLE (Line Drive, 3D)
Mike Strickland to second
Batting: RHB Gabriel Guerrero 0-0: Called Strike
0-1: Ball
1-1: Ball
2-1: Ball
3-1: Foul Ball, location: 2F
3-2: Foul Ball, location: 2F
3-2: Foul Ball, location: 2F
3-2: SINGLE (Groundball, 34D)
Mike Strickland to third
Salvador Pineda to second
Mike Strickland scores
Salvador Pineda to third
Batting: RHB Martín Alejadre 0-0: Called Strike
0-1: Ball
1-1: Ball
2-1: Ground out 5-3 (Groundball, 56)
Bottom of the 2nd over - 1 run(s), 3 hit(s), 0 error(s), 2 left on base; Bakersfield 4 - Jersey City 1
TOP OF THE 3RD
Bakersfield Nobles batting - Pitching for Jersey City Tritons : LHP Francisco Chávez
Now at 2B: Miguel Cruz
Batting: RHB Alfredo García 0-0: Called Strike
0-1: Ball
1-1: Ball
2-1: Ball
3-1: Base on Balls
Batting: LHB Theo Fightmaster 0-0: Ball
1-0: Grounds into double play, 6-4-3 (Groundball, 6)
Batting: RHB Kade Knowles 0-0: Foul Ball, location: 2F
0-1: Ball
1-1: Swinging Strike
1-2: SINGLE (Flyball, 9LS)
Batting: SHB León Estrada 0-0: Ball
1-0: Ground out 5-3 (Groundball, 5S)
Top of the 3rd over - 0 run(s), 1 hit(s), 0 error(s), 1 left on base; Bakersfield 4 - Jersey City 1
BOTTOM OF THE 3RD
Jersey City Tritons batting - Pitching for Bakersfield Nobles : LHP James Scott
Batting: RHB Rudko Hrnjak 0-0: Called Strike
0-1: DOUBLE (Flyball, 78M)
Batting: RHB Ethan Miller 0-0: Ball
1-0: Called Strike
1-1: Called Strike
1-2: Ball
2-2: Ball
3-2: Foul Ball, location: 2F
3-2: Foul Ball, location: 2F
3-2: Foul Ball, location: 2F
3-2: Base on Balls
Batting: RHB Mike Greene 0-0: Foul Ball, location: 2F
0-1: Foul Ball, location: 2F
0-2: Ball
1-2: Ball
2-2: Foul Ball, location: 2F
2-2: Ball
3-2: Base on Balls
Rudko Hrnjak to third
Ethan Miller to second
Batting: RHB Miguel Cruz 0-0: Swinging Strike
0-1: Called Strike
0-2: Foul Ball, location: 2F
0-2: Ball
1-2: Foul Ball, location: 2F
1-2: Grounds into fielders choice 1-2 (Groundball, 15S)
Ethan Miller to third
Mike Greene to second
Batting: RHB Mike Strickland 0-0: Ball
1-0: Called Strike
1-1: Foul Ball, location: 2F
1-2: Ball
2-2: Ball
3-2: SINGLE (Groundball, 4MD)
Ethan Miller scores
Mike Greene to third
Miguel Cruz to second
Batting: SHB Ludovic Michel 0-0: Called Strike
0-1: Foul Ball, location: 2F
0-2: Foul Ball, location: 2F
0-2: Ball
1-2: Ball
2-2: SINGLE (Groundball, 4D)
Mike Greene scores
Miguel Cruz to third
Mike Strickland to second
Runner from 3rd tries for Home, SAFE, throw made home
Batting: RHB Salvador Pineda 0-0: Grounds into double play, 6-4-3 (Groundball, 6)
Bottom of the 3rd over - 3 run(s), 3 hit(s), 0 error(s), 1 left on base; Bakersfield 4 - Jersey City 4
TOP OF THE 4TH
Bakersfield Nobles batting - Pitching for Jersey City Tritons : LHP Francisco Chávez
Batting: RHB Abílio Conceio 0-0: Ball
1-0: Ground out 5-3 (Groundball, 56)
Batting: RHB Robert Paulsen 0-0: Called Strike
0-1: Ball
1-1: Foul Ball, location: 2F
1-2: Ball
2-2: SOLO HOME RUN (Flyball, 78XD), Distance : 414 ft
Batting: RHB Vincente Flores 0-0: SINGLE (Flyball, 89S)
Batting: RHB Cristo González 0-0: Foul Ball, location: 2F
0-1: Ball
1-1: Foul Ball, location: 2F
1-2: Ball
2-2: Ball
3-2: Strikes out looking
Vincente Flores is caught stealing 2nd base
Batter strikes out.
Top of the 4th over - 1 run(s), 2 hit(s), 0 error(s), 0 left on base; Bakersfield 5 - Jersey City 4
BOTTOM OF THE 4TH
Jersey City Tritons batting - Pitching for Bakersfield Nobles : LHP James Scott
Batting: RHB Gabriel Guerrero 0-0: Foul Ball, location: 2F
0-1: Foul Ball, location: 2F
0-2: Ball
1-2: Strikes out swinging
Batting: RHB Martín Alejadre 0-0: Swinging Strike
0-1: Ball
1-1: Ball
2-1: Swinging Strike
2-2: Foul Ball, location: 2F
2-2: Strikes out swinging
Batting: RHB Rudko Hrnjak 0-0: Ball
1-0: Ground out 4-3 (Groundball, 4S)
Bottom of the 4th over - 0 run(s), 0 hit(s), 0 error(s), 0 left on base; Bakersfield 5 - Jersey City 4
TOP OF THE 5TH
Bakersfield Nobles batting - Pitching for Jersey City Tritons : LHP Francisco Chávez
Batting: RHB Juan Tapia 0-0: Ball
1-0: Ball
2-0: Called Strike
2-1: Swinging Strike
2-2: Ball
3-2: Foul Ball, location: 2F
3-2: Fly out, F8 (Line Drive, 8LD)
Batting: RHB Alfredo García 0-0: Ball
1-0: Ball
2-0: Ball
3-0: Base on Balls
Pitching: RHP Ben Logan
Batting: LHB Theo Fightmaster 0-0: Ball
1-0: Called Strike
1-1: SINGLE (Line Drive, 4MD)
Alfredo García to second
Batting: RHB Kade Knowles 0-0: Called Strike
0-1: Ball
1-1: Fielders Choice at 2nd, 4-6 (Groundball, 4M)
Alfredo García to third
Batting: SHB León Estrada 0-0: Called Strike
0-1: Ball
1-1: Ball
2-1: Called Strike
2-2: Foul Ball, location: 2F
2-2: Fly out, F9 (Line Drive, 89M)
Top of the 5th over - 0 run(s), 1 hit(s), 0 error(s), 2 left on base; Bakersfield 5 - Jersey City 4
BOTTOM OF THE 5TH
Jersey City Tritons batting - Pitching for Bakersfield Nobles : LHP James Scott
Batting: RHB Ethan Miller 0-0: Called Strike
0-1: Swinging Strike
0-2: Strikes out swinging
Batting: RHB Mike Greene 0-0: Called Strike
0-1: Swinging Strike
0-2: Foul Ball, location: 2F
0-2: Ball
1-2: Foul Ball, location: 2F
1-2: Foul Ball, location: 2F
1-2: Ball
2-2: Foul Ball, location: 2F
2-2: Fly out, F3 (Popup, 34)
Batting: RHB Miguel Cruz 0-0: Foul Ball, location: 2F
0-1: Ball
1-1: Ball
2-1: Swinging Strike
2-2: Strikes out swinging
Bottom of the 5th over - 0 run(s), 0 hit(s), 0 error(s), 0 left on base; Bakersfield 5 - Jersey City 4
TOP OF THE 6TH
Bakersfield Nobles batting - Pitching for Jersey City Tritons : RHP Ben Logan
Batting: RHB Abílio Conceio 0-0: SOLO HOME RUN (Flyball, 7LD), Distance : 338 ft
Batting: RHB Robert Paulsen 0-0: Foul Ball, location: 2F
0-1: Foul Ball, location: 2F
0-2: Strikes out swinging
Batting: RHB Vincente Flores 0-0: Ball
1-0: Swinging Strike
1-1: Foul Ball, location: 2F
1-2: Strikes out swinging
Batting: RHB Cristo González 0-0: Called Strike
0-1: Ball
1-1: Foul Ball, location: 2F
1-2: SINGLE (Line Drive, 6) (infield hit)
Batting: RHB Juan Tapia 0-0: Called Strike
0-1: Called Strike
0-2: Ball
1-2: Ball
2-2: Ball
Cristo González steals 2nd base
3-2: SINGLE (Line Drive, 7S)
Cristo González to third
Cristo González scores
Batting: RHB Alfredo García 0-0: Called Strike
0-1: Ball
1-1: Fly out, F9 (Flyball, 9LS)
Top of the 6th over - 2 run(s), 3 hit(s), 0 error(s), 1 left on base; Bakersfield 7 - Jersey City 4
BOTTOM OF THE 6TH
Jersey City Tritons batting - Pitching for Bakersfield Nobles : LHP James Scott
Batting: RHB Mike Strickland 0-0: Ball
1-0: Called Strike
1-1: Fly out, F8 (Flyball, 8RM)
Pitching: RHP Ricardo Gómez
Batting: SHB Ludovic Michel 0-0: Ball
1-0: Fly out, F8 (Flyball, 8LXD)
Batting: RHB Salvador Pineda 0-0: Ball
1-0: Foul Ball, location: 2F
1-1: Ball
2-1: Foul Ball, location: 2F
2-2: Foul Ball, location: 2F
2-2: Foul Ball, location: 2F
2-2: Foul Ball, location: 2F
2-2: Strikes out looking
Bottom of the 6th over - 0 run(s), 0 hit(s), 0 error(s), 0 left on base; Bakersfield 7 - Jersey City 4
TOP OF THE 7TH
Bakersfield Nobles batting - Pitching for Jersey City Tritons : RHP Ben Logan
Batting: LHB Theo Fightmaster 0-0: Ball
1-0: Ball
2-0: Ball
3-0: Base on Balls
Batting: RHB Kade Knowles 0-0: Sac Bunt - play at first, batter OUT! 1-3
Theo Fightmaster to second
Batting: SHB León Estrada 0-0: Ball
1-0: Called Strike
1-1: Ball
2-1: Foul Ball, location: 2F
2-2: Ball
3-2: Ground out 6-3 (Groundball, 6)
Batting: RHB Abílio Conceio 0-0: Ball
1-0: Foul Ball, location: 2F
1-1: Foul Ball, location: 2F
1-2: Ball
2-2: Fly out, F8 (Line Drive, 8LS)
Top of the 7th over - 0 run(s), 0 hit(s), 0 error(s), 1 left on base; Bakersfield 7 - Jersey City 4
BOTTOM OF THE 7TH
Jersey City Tritons batting - Pitching for Bakersfield Nobles : RHP Ricardo Gómez
Batting: RHB Gabriel Guerrero 0-0: Ball
1-0: Ball
2-0: Swinging Strike
2-1: Ball
3-1: Called Strike
3-2: Base on Balls
Batting: RHB Martín Alejadre 0-0: Ball
1-0: SINGLE (Groundball, 34D)
Gabriel Guerrero to second
Runner from 2nd tries for 3rd, SAFE, throw made to third
Batting: RHB Rudko Hrnjak 0-0: Ball
1-0: Called Strike
1-1: Ball
2-1: Foul Ball, location: 2F
2-2: Ball
3-2: Fly out, F4 (Popup, 34)
Batting: RHB Ethan Miller 0-0: Ball
1-0: Fly out, F9 (Flyball, 9S)
Batting: RHB Mike Greene 0-0: Called Strike
0-1: Fielders Choice at 2nd, 5-4 (Groundball, 5L)
Bottom of the 7th over - 0 run(s), 1 hit(s), 0 error(s), 1 left on base; Bakersfield 7 - Jersey City 4
TOP OF THE 8TH
Bakersfield Nobles batting - Pitching for Jersey City Tritons : RHP Ben Logan
Batting: RHB Robert Paulsen 0-0: Ball
1-0: Swinging Strike
1-1: Foul Ball, location: 2F
1-2: SINGLE (Groundball, 15S) (infield hit)
Pitching: RHP António Rúbio
Batting: RHB Vincente Flores 0-0: Bunted foul
0-1: Ball
1-1: Sac Bunt - play at first, batter OUT! 1-4
Robert Paulsen to second
Batting: RHB Cristo González 0-0: Intentional Walk
Batting: RHB Juan Tapia 0-0: Swinging Strike
0-1: Foul Ball, location: 2F
0-2: Strikes out looking
Batting: RHB Alfredo García 0-0: Ball
1-0: Called Strike
1-1: Swinging Strike
1-2: Ball
2-2: Foul Ball, location: 2F
2-2: Foul Ball, location: 2F
2-2: Foul Ball, location: 2F
2-2: Foul Ball, location: 2F
2-2: Strikes out swinging
Top of the 8th over - 0 run(s), 1 hit(s), 0 error(s), 2 left on base; Bakersfield 7 - Jersey City 4
BOTTOM OF THE 8TH
Jersey City Tritons batting - Pitching for Bakersfield Nobles : RHP Ricardo Gómez
Batting: RHB Miguel Cruz 0-0: Foul Ball, location: 2F
0-1: Ball
1-1: DOUBLE (Flyball, 8LD)
Pitching: RHP Kyung-un Yi
Batting: RHB Mike Strickland 0-0: Foul Ball, location: 2F
0-1: Ball
1-1: Foul Ball, location: 2F
1-2: Foul Ball, location: 2F
1-2: Ball
2-2: Foul Ball, location: 2F
2-2: Fly out, F9 (Flyball, 9LS)
Pitching: LHP Bastião Shwerin
Batting: SHB Ludovic Michel 0-0: Ball
1-0: Called Strike
1-1: Swinging Strike
1-2: Strikes out looking
Pitching: RHP Robinson Gonzáles
Batting: RHB Salvador Pineda 0-0: Foul Ball, location: 2F
0-1: Fly out, F7 (Line Drive, 78M)
Bottom of the 8th over - 0 run(s), 1 hit(s), 0 error(s), 1 left on base; Bakersfield 7 - Jersey City 4
TOP OF THE 9TH
Bakersfield Nobles batting - Pitching for Jersey City Tritons : RHP António Rúbio
Pitching: RHP Christian Mustard
Batting: LHB Theo Fightmaster 0-0: Ball
1-0: Ball
2-0: Called Strike
2-1: Fly out, F7 (Flyball, 7S)
Batting: RHB Kade Knowles 0-0: Called Strike
0-1: Ball
1-1: Foul Ball, location: 2F
1-2: Ball
2-2: Foul Ball, location: 2F
2-2: Foul Ball, location: 2F
2-2: Strikes out swinging, 2-3 out at first.
Batting: SHB León Estrada 0-0: Ground out 4-3 (Groundball, 4)
Top of the 9th over - 0 run(s), 0 hit(s), 0 error(s), 0 left on base; Bakersfield 7 - Jersey City 4
BOTTOM OF THE 9TH
Jersey City Tritons batting - Pitching for Bakersfield Nobles : RHP Robinson Gonzáles
Pitching: RHP Kirby Brown
Batting: RHB Gabriel Guerrero 0-0: Ball
1-0: Foul Ball, location: 2F
1-1: Ball
2-1: Ball
3-1: Called Strike
3-2: Foul Ball, location: 2F
3-2: Base on Balls
Batting: RHB Martín Alejadre 0-0: SINGLE (Line Drive, 56)
Gabriel Guerrero to second
Pinch Hitting: RHB Jorge Rodríguez 0-0: Foul Ball, location: 2F
0-1: Ball
1-1: Grounds into double play, 5-4-3 (Groundball, 56)
Gabriel Guerrero to third
Batting: RHB Ethan Miller 0-0: Swinging Strike
0-1: Swinging Strike
0-2: Strikes out looking
Bottom of the 9th over - 0 run(s), 1 hit(s), 0 error(s), 1 left on base; Bakersfield 7 - Jersey City 4
Wednesday, August 23rd, 2017 - OOTP Baseball 17.12 Build 75